[Event "3rd FIDE WCCC Rapid G12 2019"]
[Site "Minsk"]
[Date "2019.08.17"]
[Round "7.3"]
[White "Vlasova, Olesia"]
[Black "Mikheeva, Galina"]
[Result "1/2-1/2"]
[ECO "A88"]
[WhiteElo "1799"]
[BlackElo "1952"]
[Annotator "NA"]
[PlyCount "88"]
[EventDate "2019.08.16"]
[EventType "swiss"]
[EventCountry "BLR"]
[SourceTitle "playchess.com"]
[Source "ChessBase"]
[SourceQuality "1"]
[TimeControl "600+5"]

1. Nf3 f5 2. c4 Nf6 3. g3 g6 4. Bg2 Bg7 5. O-O O-O 6. d4 d6 7. Nc3 c6 8. d5 e5 9. Bg5 h6 10. Bxf6 Qxf6 11. e4 f4 12. Qd3 g5 13. Rfd1 c5 14. h4 Bg4 15. hxg5 hxg5 16. Rf1 Qh6 17. Nh2 Bd7 18. g4 Kf7 19. Qh3 Qf6 20. Bf3 Rh8 21. Qg2 Na6 22. Rfd1 Rh4 23. a3 Rah8 24. Nf1 Rh1+ 25. Qxh1 Rxh1+ 26. Kxh1 Qh6+ 27. Kg2 Nc7 28. Nh2 Ne8 29. Rh1 Nf6 30. Rab1 Qh8 31. b4 Qc8 32. b5 Nxg4 33. Nxg4 Bxg4 34. Rbg1 Bxf3+ 35. Kxf3 Kg6 36. a4 Qd8 37. Ke2 Qa5 38. Kd3 Bh6 39. f3 Qb6 40. Rh2 Qa5 41. Rgh1 Bg7 42. Rg2 Bh6 43. Rb1 Qb6 44. Rh1 Bg7 1/2-1/2

[Event "3rd FIDE WCCC Rapid G12 2019"]
[Site "Minsk"]
[Date "2019.08.17"]
[Round "7.4"]
[White "Babic, Masa"]
[Black "Ivanytska, Liudmyla"]
[Result "1-0"]
[ECO "A08"]
[WhiteElo "1719"]
[BlackElo "1539"]
[Annotator "NA"]
[PlyCount "140"]
[EventDate "2019.08.16"]
[EventType "swiss"]
[EventCountry "BLR"]
[SourceTitle "playchess.com"]
[Source "ChessBase"]
[SourceQuality "1"]
[TimeControl "600+5"]

1. Nf3 d5 2. g3 c5 3. Bg2 e6 4. O-O Nf6 5. c4 Be7 6. cxd5 exd5 7. d4 b6 8. b3 Be6 9. Bb2 Nbd7 10. Nc3 O-O 11. Ne5 Rc8 12. Qd3 cxd4 13. Qxd4 Bc5 14. Qf4 Nxe5 15. Qxe5 Ng4 16. Qf4 Bd6 17. Qd2 Bb4 18. a3 d4 19. axb4 dxc3 20. Bxc3 Qxd2 21. Bxd2 Rc2 22. Bf4 Bxb3 23. Rxa7 Bc4 24. Be4 Rb2 25. Bf3 Bxe2 26. Bxe2 Rxe2 27. Rb7 Re6 28. Rd1 h6 29. h3 Nf6 30. Rd6 Re1+ 31. Kg2 Re2 32. Be3 Re8 33. Kf3 Rb2 34. Rbxb6 Rb3 35. Rd4 Kh7 36. Rb7 Kg8 37. Rd6 Rb2 38. g4 Ne4 39. Rd4 Nf6 40. Rf4 Rb3 41. h4 Rf8 42. g5 hxg5 43. hxg5 Nd5 44. Rd4 Nxe3 45. fxe3 Re8 46. Re4 Rf8 47. Ree7 Rb1 48. b5 Rf1+ 49. Ke2 Rg1 50. b6 Rxg5 51. Rbc7 Rg2+ 52. Kd3 Rb2 53. b7 Kh7 54. Re5 Kg6 55. Rc8 Rb3+ 56. Ke2 Rb2+ 57. Kf3 f6 58. Rxf8 Rxb7 59. Re4 f5 60. Rf4 Rb5 61. e4 Rb3+ 62. Kg2 Rb2+ 63. Kg3 Rb3+ 64. Rf3 Rxf3+ 65. Kxf3 fxe4+ 66. Kxe4 Kg5 67. Kf3 Kh4 68. Rh8+ Kg5 69. Rh5+ Kf6 70. Rg5 Ke7 1-0

[Event "3rd FIDE WCCC Rapid G12 2019"]
[Site "Minsk"]
[Date "2019.08.17"]
[Round "7.5"]
[White "Szczotka, Klara"]
[Black "Lomakina, Anzhelika"]
[Result "0-1"]
[ECO "C65"]
[WhiteElo "1732"]
[BlackElo "1732"]
[Annotator "NA"]
[PlyCount "52"]
[EventDate "2019.08.16"]
[EventType "swiss"]
[EventCountry "BLR"]
[SourceTitle "playchess.com"]
[Source "ChessBase"]
[SourceQuality "1"]
[TimeControl "600+5"]

1. e4 e5 2. Nf3 Nc6 3. Bb5 Nf6 4. d3 Bc5 5. c3 O-O 6. Nbd2 Re8 7. h3 d5 8. Qe2 Nh5 9. Nb3 Bb6 10. a4 a6 11. Bxc6 bxc6 12. g4 Nf4 13. Bxf4 exf4 14. O-O-O c5 15. Rhe1 a5 16. Qc2 Qd7 17. exd5 Bb7 18. c4 Qxa4 19. Re4 Qb4 20. Rxf4 a4 21. Na1 a3 22. bxa3 Rxa3 23. Qb2 Qa4 24. Nc2 Bxd5 25. Kd2 Ra2 26. Qc1 Ba5# 0-1

[Event "3rd FIDE WCCC Rapid G12 2019"]
[Site "Minsk"]
[Date "2019.08.17"]
[Round "7.6"]
[White "Zhapova, Yana"]
[Black "Nguyen, Le Cam Hien"]
[Result "0-1"]
[ECO "B52"]
[WhiteElo "1809"]
[BlackElo "1579"]
[Annotator "NA"]
[PlyCount "96"]
[EventDate "2019.08.16"]
[EventType "swiss"]
[EventCountry "BLR"]
[SourceTitle "playchess.com"]
[Source "ChessBase"]
[SourceQuality "1"]
[TimeControl "600+5"]

1. e4 c5 2. Nf3 d6 3. Bb5+ Bd7 4. c4 a6 5. Bxd7+ Qxd7 6. d4 cxd4 7. Nxd4 Nf6 8. Nc3 g6 9. O-O Bg7 10. b3 O-O 11. Bb2 Nc6 12. Nxc6 Qxc6 13. Nd5 Nxd5 14. exd5 Qd7 15. Bxg7 Kxg7 16. Re1 b5 17. Qd4+ Kg8 18. Re3 bxc4 19. bxc4 Rab8 20. Rae1 Rb7 21. Qh4 e5 22. c5 dxc5 23. Rxe5 Rb4 24. Qf6 Rd4 25. Re7 Qxd5 26. Re8 Qd6 27. Rxf8+ Qxf8 28. Qxa6 Kg7 29. h3 Qb8 30. Qe2 Rd5 31. Qc4 Qd6 32. Qc3+ f6 33. a4 Rd1 34. a5 Rxe1+ 35. Qxe1 c4 36. Qc3 Qd1+ 37. Kh2 Qa4 38. Qe1 Kf7 39. Qd2 Qb5 40. Qa2 Qa6 41. Qa4 Ke6 42. Qb4 Qd6+ 43. Qxd6+ Kxd6 44. a6 Kc6 45. Kg3 c3 46. Kf3 c2 47. a7 Kb7 48. Ke2 c1=Q 0-1

[Event "3rd FIDE WCCC Rapid G12 2019"]
[Site "Minsk"]
[Date "2019.08.17"]
[Round "8.1"]
[White "Kaldarova, Ayaulym"]
[Black "Shubenkova, Veronika"]
[Result "1/2-1/2"]
[ECO "D02"]
[WhiteElo "1549"]
[BlackElo "1740"]
[Annotator "NA"]
[PlyCount "84"]
[EventDate "2019.08.16"]
[EventType "swiss"]
[EventCountry "BLR"]
[SourceTitle "playchess.com"]
[Source "ChessBase"]
[SourceQuality "1"]
[TimeControl "600+5"]

1. d4 d5 2. Nf3 e6 3. c4 c6 4. cxd5 exd5 5. Nc3 Nf6 6. Bg5 Be7 7. h3 O-O 8. e3 Bf5 9. Bd3 Ne4 10. Bxe7 Qxe7 11. O-O Bg6 12. Ne5 f5 13. Rc1 Nd7 14. Nxd7 Qxd7 15. b4 a6 16. a4 Qe7 17. b5 axb5 18. axb5 Qg5 19. f4 Nxc3 20. Rxc3 Qe7 21. Qf3 Be8 22. Rfc1 Bd7 23. Kf2 Ra2+ 24. R1c2 Rxc2+ 25. Rxc2 Re8 26. g3 Qd6 27. bxc6 bxc6 28. g4 fxg4 29. hxg4 Qh6 30. Kg3 Qe6 31. Re2 Qf6 32. Rh2 h6 33. Rh5 Qe6 34. Re5 Qf6 35. Bf5 Qd6 36. Bxd7 Qxd7 37. e4 dxe4 38. Qxe4 Rd8 39. Re7 Qd6 40. Re8+ Rxe8 41. Qxe8+ Kh7 42. Qe4+ Kg8 1/2-1/2

[Event "3rd FIDE WCCC Rapid G12 2019"]
[Site "Minsk"]
[Date "2019.08.17"]
[Round "8.2"]
[White "Vlasova, Olesia"]
[Black "Babic, Masa"]
[Result "1-0"]
[ECO "A05"]
[WhiteElo "1799"]
[BlackElo "1719"]
[Annotator "NA"]
[PlyCount "235"]
[EventDate "2019.08.16"]
[EventType "swiss"]
[EventCountry "BLR"]
[SourceTitle "playchess.com"]
[Source "ChessBase"]
[SourceQuality "1"]
[TimeControl "600+5"]

1. Nf3 Nf6 2. c4 d6 3. d4 Nbd7 4. g3 c6 5. Bg2 e5 6. Nc3 Be7 7. O-O O-O 8. e4 Qc7 9. h3 a6 10. Be3 h6 11. Qe2 b5 12. a3 Bb7 13. Rac1 Qa5 14. Rfd1 Rfd8 15. Nd2 exd4 16. Bxd4 c5 17. Bxf6 Bxf6 18. Nb3 Qb6 19. cxb5 Bxc3 20. Rxc3 axb5 21. Rcd3 Ne5 22. R3d2 b4 23. axb4 Qxb4 24. Nc1 Ba6 25. Qe1 Nc4 26. Rc2 Qxe1+ 27. Rxe1 Ne5 28. Rd1 Bb5 29. f4 Nc4 30. Re1 Ra1 31. Bf1 Ra4 32. b3 Na3 33. Ra2 Ra7 34. Rxa3 Rxa3 35. Bxb5 Ra1 36. Bc4 Rda8 37. Nd3 Rxe1+ 38. Nxe1 Ra1 39. Kf2 Ra2+ 40. Kf3 Kf8 41. Nd3 Ke7 42. e5 Rd2 43. exd6+ Kxd6 44. Ke3 Rh2 45. h4 f6 46. Kf3 Rd2 47. Ke3 Rg2 48. Kf3 Rd2 49. Nf2 f5 50. Ke3 Ra2 51. Bd3 Rb2 52. Bc4 Rc2 53. Nd3 Rg2 54. Kf3 Rc2 55. g4 fxg4+ 56. Kxg4 Rg2+ 57. Kf3 Rh2 58. Kg3 Rd2 59. Ne5 Rc2 60. Nf7+ Ke7 61. Ne5 Kd6 62. h5 Rc3+ 63. Kg4 Rc1 64. Kf5 Rg1 65. Nf7+ Ke7 66. Ne5 Kd6 67. Bf7 Rg3 68. Nc4+ Ke7 69. Ne5 Re3 70. Bc4 Rg3 71. Ke4 Kd6 72. Nf7+ Ke7 73. Kd5 Rh3 74. Kxc5 Rxh5+ 75. Kc6 Rf5 76. b4 Rf6+ 77. Kc5 Rxf4 78. b5 h5 79. b6 Rf5+ 80. Kc6 Rf6+ 81. Kc7 Rf4 82. Bd5 Rb4 83. b7 h4 84. b8=Q Rxb8 85. Kxb8 h3 86. Ng5 h2 87. Bh1 Kf6 88. Nf3 Kf5 89. Nxh2 g5 90. Kc7 Kf4 91. Nf1 g4 92. Kd6 Kg5 93. Ke5 Kh4 94. Bg2 Kg5 95. Ke4 Kh4 96. Kf4 Kh5 97. Ne3 Kh4 98. Nxg4 Kh5 99. Be4 Kh4 100. Bg6 Kh3 101. Ne3 Kh4 102. Ng2+ Kh3 103. Kf3 Kh2 104. Bf5 Kg1 105. Bd3 Kh2 106. Kf2 Kh3 107. Bf5+ Kh2 108. Be6 Kh1 109. Bd7 Kh2 110. Ne1 Kh1 111. Bc8 Kh2 112. Nf3+ Kh1 113. Ne1 Kh2 114. Bd7 Kh1 115. Bh3 Kh2 116. Bf1 Kh1 117. Bg2+ Kh2 118. Nf3# 1-0

[Event "3rd FIDE WCCC Rapid G12 2019"]
[Site "Minsk"]
[Date "2019.08.17"]
[Round "8.3"]
[White "Nguyen, Le Cam Hien"]
[Black "Komissarova, Soigina"]
[Result "0-1"]
[ECO "B41"]
[WhiteElo "1579"]
[BlackElo "1663"]
[Annotator "NA"]
[PlyCount "192"]
[EventDate "2019.08.16"]
[EventType "swiss"]
[EventCountry "BLR"]
[SourceTitle "playchess.com"]
[Source "ChessBase"]
[SourceQuality "1"]
[TimeControl "600+5"]

1. e4 c5 2. Nf3 e6 3. d4 cxd4 4. Nxd4 a6 5. c4 Nf6 6. Nc3 Qc7 7. Be3 d6 8. Be2 Be7 9. O-O b6 10. Rc1 Bb7 11. f3 O-O 12. b3 Nbd7 13. Qe1 Rac8 14. Qf2 Rfe8 15. Rfd1 Bf8 16. Bf1 Ne5 17. Nde2 Nfd7 18. h3 Nc5 19. Ng3 Ncd7 20. f4 Ng6 21. b4 Qb8 22. a3 Ba8 23. Rc2 Red8 24. Nge2 Rxc4 25. Nd4 Rc7 26. f5 exf5 27. Nxf5 Qc8 28. Rdc1 Bb7 29. Nd5 Rxc2 30. Rxc2 Qa8 31. Nxb6 Nxb6 32. Bxb6 Re8 33. Rc7 Ne5 34. Bd4 Qb8 35. Rc1 Bxe4 36. Re1 Bb7 37. Bxe5 dxe5 38. Bc4 Qc7 39. Qe2 Rc8 40. Bxa6 Qb6+ 41. Kh1 Bxa6 42. Qxe5 g6 43. Ne7+ Bxe7 44. Qxe7 Bb5 45. Qe5 Ra8 46. Re3 Ba4 47. Rf3 Bc6 48. Rf4 Rxa3 49. Qf6 Ra7 50. Kh2 Qc7 51. Kg1 Qb6+ 52. Kh2 Qc7 53. Kg1 Ra1+ 54. Qxa1 Qxf4 55. Qc3 Bb7 56. Qc5 Qb8 57. b5 h5 58. b6 Ba8 59. Kf2 Qb7 60. g4 hxg4 61. hxg4 Qf3+ 62. Ke1 Qe4+ 63. Kf2 Qf4+ 64. Ke1 Qg3+ 65. Kd2 Qg2+ 66. Ke1 Qe4+ 67. Kf2 Kg7 68. Qc3+ Kf8 69. Qc8+ Ke7 70. Qc7+ Ke6 71. Qc8+ Kf6 72. Qd8+ Kg7 73. g5 Qf3+ 74. Ke1 Qe3+ 75. Kf1 Qf3+ 76. Ke1 Qe3+ 77. Kf1 Qf3+ 78. Ke1 Bb7 79. Qd4+ Kh7 80. Qd8 Qe4+ 81. Kf2 Qc2+ 82. Ke3 Qc1+ 83. Kf2 Qc2+ 84. Ke3 Qc3+ 85. Kf2 Qf3+ 86. Ke1 Ba6 87. Qe7 Qf1+ 88. Kd2 Qd3+ 89. Kc1 Qc4+ 90. Kd2 Qd5+ 91. Kc1 Bb7 92. Qf6 Qc6+ 93. Qxc6 Bxc6 94. Kc2 Kg7 95. Kc3 f6 96. gxf6+ Kxf6 0-1

[Event "3rd FIDE WCCC Rapid G12 2019"]
[Site "Minsk"]
[Date "2019.08.17"]
[Round "8.4"]
[White "Mikheeva, Galina"]
[Black "Kirdyashkina, Ekaterina"]
[Result "1-0"]
[ECO "C55"]
[WhiteElo "1952"]
[BlackElo "1691"]
[Annotator "NA"]
[PlyCount "61"]
[EventDate "2019.08.16"]
[EventType "swiss"]
[EventCountry "BLR"]
[SourceTitle "playchess.com"]
[Source "ChessBase"]
[SourceQuality "1"]
[TimeControl "600+5"]

1. e4 e5 2. Nf3 Nc6 3. d4 exd4 4. Bc4 Nf6 5. O-O d6 6. Nxd4 Nxd4 7. Qxd4 Be7 8. Nc3 O-O 9. b3 Nd7 10. Nd5 Ne5 11. Bb2 Bf6 12. Nxf6+ Qxf6 13. Be2 b6 14. f4 Nd7 15. e5 dxe5 16. fxe5 Qg6 17. Bd3 Qh6 18. Be4 Rb8 19. Rf3 Nc5 20. Bd5 Ne6 21. Qf2 Ng5 22. Rg3 Ne6 23. Rf1 Bd7 24. Rf3 Qg6 25. Bc4 Be8 26. Bd3 Qh5 27. Rh3 Qg4 28. Bxh7+ Kh8 29. Bf5+ Qxh3 30. Bxh3 Bb5 31. c4 1-0

[Event "3rd FIDE WCCC Rapid G12 2019"]
[Site "Minsk"]
[Date "2019.08.17"]
[Round "8.5"]
[White "Kulkova, Dina"]
[Black "Lomakina, Anzhelika"]
[Result "0-1"]
[ECO "A20"]
[WhiteElo "1476"]
[BlackElo "1732"]
[Annotator "NA"]
[PlyCount "84"]
[EventDate "2019.08.16"]
[EventType "swiss"]
[EventCountry "BLR"]
[SourceTitle "playchess.com"]
[Source "ChessBase"]
[SourceQuality "1"]
[TimeControl "600+5"]

1. c4 e5 2. g3 Nf6 3. Bg2 d5 4. cxd5 Nxd5 5. Nc3 Nb6 6. Nf3 Nc6 7. d3 Be7 8. O-O O-O 9. a3 Re8 10. Qc2 Bg4 11. h3 Bxf3 12. exf3 Nd4 13. Qd1 Bd6 14. Ne4 Nd5 15. Nxd6 Qxd6 16. Re1 Rad8 17. Be3 Nxe3 18. fxe3 Nc6 19. Qb3 b6 20. Rad1 e4 21. fxe4 Qxg3 22. d4 Nxd4 23. Rxd4 Qxe1+ 24. Kh2 Rxd4 25. exd4 Qd2 26. Qb5 Rxe4 27. Qf5 Qf4+ 28. Qxf4 Rxf4 29. Kg3 Rxd4 30. Kf3 g6 31. Ke3 Rd6 32. b4 c5 33. bxc5 bxc5 34. Bf1 Kg7 35. Bc4 f5 36. Bb3 Kf6 37. a4 Ke5 38. Ba2 f4+ 39. Kf3 Rd3+ 40. Kg4 Rd4 41. Bb3 Ke4 42. Bc2+ Ke3 0-1

[Event "3rd FIDE WCCC Rapid G12 2019"]
[Site "Minsk"]
[Date "2019.08.17"]
[Round "8.6"]
[White "Babic, Milana"]
[Black "Dubovik, Maria"]
[Result "1-0"]
[ECO "A05"]
[WhiteElo "1689"]
[BlackElo "1504"]
[Annotator "NA"]
[PlyCount "139"]
[EventDate "2019.08.16"]
[EventType "swiss"]
[EventCountry "BLR"]
[SourceTitle "playchess.com"]
[Source "ChessBase"]
[SourceQuality "1"]
[TimeControl "600+5"]

1. Nf3 Nf6 2. g3 e6 3. Bg2 d5 4. d4 c5 5. c4 Nc6 6. cxd5 Nxd5 7. O-O Be7 8. b3 cxd4 9. Nxd4 Nxd4 10. Qxd4 Bf6 11. Qa4+ Bd7 12. Qg4 Bxa1 13. Bg5 Bf6 14. Bd2 O-O 15. e4 Ne7 16. f4 Bd4+ 17. Kh1 Ng6 18. f5 Ne5 19. Qh5 exf5 20. exf5 Bc6 21. f6 Bxg2+ 22. Kxg2 Qd5+ 23. Kh3 Qe6+ 24. g4 Nd3 25. Bc3 Nf2+ 26. Kg2 Qe4+ 27. Kg3 Bxc3 28. Nxc3 Qe3+ 29. Kg2 Qxc3 30. Rxf2 Qc6+ 31. Kh3 Rad8 32. Qg5 Qxf6 33. Rxf6 Rd3+ 34. Kh4 Rdd8 35. Rf3 h6 36. Qb5 b6 37. Qa6 Rd7 38. a4 Kh7 39. Kg3 Rfd8 40. Qc4 Kg8 41. b4 Re8 42. a5 bxa5 43. bxa5 Rde7 44. a6 Rd7 45. Qc6 Red8 46. Qc4 Re8 47. Rb3 Rde7 48. Rb7 Re3+ 49. Kf2 R3e7 50. Rxe7 Rxe7 51. Qc8+ Kh7 52. Qc5 Re2+ 53. Kxe2 Kg8 54. Qxa7 Kf8 55. Qc5+ Kg8 56. a7 f5 57. gxf5 g6 58. Qd5+ Kg7 59. Qd7+ Kf6 60. Qe6+ Kg5 61. Qxg6+ Kf4 62. a8=R Ke4 63. Ra4+ Kd5 64. Qe6+ Kc5 65. Qe5+ Kb6 66. Ra5 Kc6 67. Qd5+ Kb6 68. Qc5+ Kb7 69. Rb5+ Ka6 70. Qb6# 1-0

[Event "3rd FIDE WCCC Rapid G12 2019"]
[Site "Minsk"]
[Date "2019.08.17"]
[Round "9.1"]
[White "Shubenkova, Veronika"]
[Black "Vlasova, Olesia"]
[Result "1-0"]
[ECO "A56"]
[WhiteElo "1740"]
[BlackElo "1799"]
[Annotator "NA"]
[PlyCount "53"]
[EventDate "2019.08.16"]
[EventType "swiss"]
[EventCountry "BLR"]
[SourceTitle "playchess.com"]
[Source "ChessBase"]
[SourceQuality "1"]
[TimeControl "600+5"]

1. d4 Nf6 2. c4 c5 3. e3 g6 4. Nc3 Bg7 5. d5 d6 6. Nf3 e6 7. e4 exd5 8. exd5 O-O 9. Be2 a6 10. O-O Bg4 11. Bf4 Qc7 12. Re1 Nbd7 13. h3 Bxf3 14. Bxf3 Rfe8 15. Qd3 Rab8 16. Qd2 h5 17. g4 hxg4 18. hxg4 Nh7 19. Kg2 Ne5 20. Bxe5 Bxe5 21. Rh1 Nf8 22. Rh3 Bg7 23. Ne4 Nd7 24. Rah1 Ne5 25. Rh8+ Bxh8 26. Rxh8+ Kxh8 27. Qh6+ 1-0

[Event "3rd FIDE WCCC Rapid G12 2019"]
[Site "Minsk"]
[Date "2019.08.17"]
[Round "9.2"]
[White "Komissarova, Soigina"]
[Black "Mikheeva, Galina"]
[Result "0-1"]
[ECO "C61"]
[WhiteElo "1663"]
[BlackElo "1952"]
[Annotator "NA"]
[PlyCount "84"]
[EventDate "2019.08.16"]
[EventType "swiss"]
[EventCountry "BLR"]
[SourceTitle "playchess.com"]
[Source "ChessBase"]
[SourceQuality "1"]
[TimeControl "600+5"]

1. e4 e5 2. Nf3 Nc6 3. Bb5 Nd4 4. Nxd4 exd4 5. O-O Bc5 6. d3 c6 7. Bc4 d5 8. exd5 cxd5 9. Re1+ Kf8 10. Bb3 Be6 11. Qf3 Qd7 12. h3 Ne7 13. Bg5 Ng6 14. a4 a5 15. c3 Re8 16. Nd2 f6 17. Nf1 Bf7 18. Rxe8+ Kxe8 19. Bd2 b6 20. Re1+ Kd8 21. Bc2 Re8 22. b3 Rxe1 23. Bxe1 Ne5 24. Qg3 Bg6 25. b4 axb4 26. cxb4 Bd6 27. Qh4 Nxd3 28. Bxd3 Bxd3 29. Qxd4 Bxf1 30. Kxf1 Bc7 31. b5 Qe6 32. Bc3 Qe5 33. Qd2 Qe4 34. f3 Qc4+ 35. Kf2 Kd7 36. Bb4 Bd6 37. Bxd6 Kxd6 38. Qd1 Kc5 39. Ke3 Qc3+ 40. Kf4 Qe5+ 41. Kg4 h5+ 42. Kh4 Qg5# 0-1

[Event "3rd FIDE WCCC Rapid G12 2019"]
[Site "Minsk"]
[Date "2019.08.17"]
[Round "9.3"]
[White "Lomakina, Anzhelika"]
[Black "Kaldarova, Ayaulym"]
[Result "1/2-1/2"]
[ECO "C00"]
[WhiteElo "1732"]
[BlackElo "1549"]
[Annotator "NA"]
[PlyCount "95"]
[EventDate "2019.08.16"]
[EventType "swiss"]
[EventCountry "BLR"]
[SourceTitle "playchess.com"]
[Source "ChessBase"]
[SourceQuality "1"]
[TimeControl "600+5"]

1. e4 e6 2. d4 d5 3. Bd3 c5 4. exd5 exd5 5. Nf3 Nc6 6. O-O cxd4 7. Nbd2 Be7 8. Nb3 Nf6 9. Nbxd4 O-O 10. c3 Bg4 11. Nxc6 bxc6 12. Bc2 Qc7 13. Bg5 h6 14. Bh4 Rfe8 15. Qd3 Ne4 16. Bg3 Bd6 17. Nd4 Bh5 18. Ba4 Nc5 19. Qc2 Nxa4 20. Qxa4 Bxg3 21. hxg3 c5 22. Nf5 Re2 23. Ne3 Rxb2 24. Nxd5 Qe5 25. c4 Qd4 26. Qc6 Rab8 27. Rac1 Be2 28. Rfe1 Bxc4 29. Ne3 Be6 30. Red1 Qb4 31. a4 Rc8 32. Qa6 Ra2 33. Qd3 Qxa4 34. Qd6 Qc6 35. Qe5 Qc7 36. Qc3 a5 37. Ra1 Rxa1 38. Rxa1 Ra8 39. Ra4 Qd6 40. Rxa5 Rxa5 41. Qxa5 c4 42. Qa8+ Kh7 43. Qe4+ g6 44. Nxc4 Qd1+ 45. Kh2 Qh5+ 46. Kg1 Qd1+ 47. Kh2 Qh5+ 48. Kg1 1/2-1/2

[Event "3rd FIDE WCCC Rapid G12 2019"]
[Site "Minsk"]
[Date "2019.08.17"]
[Round "9.4"]
[White "Babic, Masa"]
[Black "Babic, Milana"]
[Result "1-0"]
[ECO "C47"]
[WhiteElo "1719"]
[BlackElo "1689"]
[Annotator "NA"]
[PlyCount "109"]
[EventDate "2019.08.16"]
[EventType "swiss"]
[EventCountry "BLR"]
[SourceTitle "playchess.com"]
[Source "ChessBase"]
[SourceQuality "1"]
[TimeControl "600+5"]

1. e4 e5 2. Nf3 Nc6 3. Nc3 Nf6 4. Be2 Bb4 5. O-O O-O 6. a3 Bc5 7. b4 Bb6 8. b5 Nd4 9. Nxe5 Nxe2+ 10. Qxe2 c6 11. bxc6 dxc6 12. Nc4 Re8 13. Nxb6 axb6 14. d3 Bd7 15. Bg5 h6 16. Bh4 g5 17. Bg3 Qe7 18. f4 gxf4 19. Rxf4 Bg4 20. Rxg4+ Nxg4 21. Qxg4+ Kh8 22. Qh4 Qxh4 23. Bxh4 Kg7 24. a4 c5 25. Nd5 Ra6 26. Nc7 Rea8 27. Nxa6 bxa6 28. Rb1 Rb8 29. c4 a5 30. Bg3 Rb7 31. Be5+ f6 32. Bd6 Rd7 33. Rxb6 Kg6 34. e5 fxe5 35. Bxe5+ Kf5 36. Bd6 h5 37. g3 h4 38. Bxc5 Rxd3 39. Bf2 hxg3 40. hxg3 Rc3 41. c5 Rc4 42. c6 Rxa4 43. Rb5+ Ke6 44. c7 Kd7 45. Bb6 Ra1+ 46. Kg2 Ra2+ 47. Kf3 Ra3+ 48. Kg4 Ra4+ 49. Kh3 Rc4 50. Bxa5 Rc6 51. g4 Kc8 52. Rb8+ Kd7 53. Rd8+ Ke7 54. c8=Q Rxc8 55. Rxc8 1-0

[Event "3rd FIDE WCCC Rapid G12 2019"]
[Site "Minsk"]
[Date "2019.08.17"]
[Round "9.5"]
[White "Vu, My Linh"]
[Black "Shevtsova, Darya"]
[Result "0-1"]
[ECO "D18"]
[WhiteElo "1467"]
[BlackElo "1588"]
[Annotator "NA RC"]
[PlyCount "202"]
[EventDate "2019.08.16"]
[EventType "swiss"]
[EventCountry "BLR"]
[SourceTitle "playchess.com"]
[Source "ChessBase"]
[SourceQuality "1"]
[TimeControl "600+5"]

1. d4 d5 2. c4 c6 3. Nf3 Nf6 4. Nc3 dxc4 5. a4 Bf5 6. e3 e6 7. Bxc4 Bb4 8. O-O O-O 9. h3 Nbd7 10. Nh4 Bg6 11. Nxg6 hxg6 12. Qb3 Qb6 13. Na2 Bd6 14. Qc2 Rac8 15. Nc3 Qa5 16. Bd2 Qh5 17. Be2 Qh4 18. Bf3 g5 19. Ne4 Bc7 20. Rfd1 g4 21. hxg4 Nxg4 22. Bxg4 Qxg4 23. Qd3 Qh4 24. g3 Qg4 25. Bb4 Rfd8 26. Bd6 f5 27. Nc5 Bxd6 28. Nxb7 Bxg3 29. Nxd8 Bh4+ 30. Kf1 Rxd8 31. Qc4 Kf7 32. Qxc6 Nf6 33. Rac1 f4 34. Qc7+ Rd7 35. Qxf4 Qxf4 36. exf4 Nd5 37. Kg2 Nxf4+ 38. Kf3 Bg5 39. Rc6 Nd5 40. Rc5 Bf6 41. Ke4 Nb6 42. a5 Nd5 43. Rd3 Nb4 44. Rd1 Na6 45. Rc6 Nb4 46. Rc4 Nd5 47. b4 Be7 48. b5 Bb4 49. Ra1 Bc3 50. Ra3 Bb4 51. Ra1 Bd6 52. Rb1 Rb7 53. Rc6 Ke7 54. b6 axb6 55. axb6 Kd7 56. Rc2 Rxb6 57. Rxb6 Nxb6 58. f4 Nd5 59. Rg2 Nxf4 60. Rxg7+ Kc6 61. Ra7 Nd5 62. Ra6+ Kd7 63. Ra7+ Nc7 64. Kd3 Kc6 65. Kc4 Bf4 66. Ra1 Kd6 67. Rf1 Bg3 68. Rf3 Bh2 69. Rh3 Bg1 70. Rh6 Nd5 71. Rh8 Ne3+ 72. Kd3 Nf5 73. Rd8+ Ke7 74. Rg8 Bxd4 75. Rg5 Bf6 76. Rg2 Kd6 77. Ke4 Nd4 78. Rd2 e5 79. Rf2 Bg5 80. Rg2 Bf4 81. Rg4 Ne6 82. Rg6 Ke7 83. Kf5 Nd4+ 84. Ke4 Kf7 85. Rg4 Ne6 86. Kf5 Ke7 87. Rg6 Nd4+ 88. Ke4 Kf7 89. Rg4 Bh2 90. Rh4 Bg3 91. Rh3 Bf4 92. Rh1 Ke6 93. Rf1 Ne2 94. Rf2 Ng3+ 95. Kf3 Kf5 96. Rg2 e4+ 97. Kf2 e3+ 98. Kf3 Ne4 99. Re2 Nd2+ 100. Kg2 Ke4 101. Kg1 Nf3+ 0-1

[Event "3rd FIDE WCCC Rapid G12 2019"]
[Site "Minsk"]
[Date "2019.08.17"]
[Round "9.6"]
[White "Kirdyashkina, Ekaterina"]
[Black "Nguyen, Le Cam Hien"]
[Result "1-0"]
[ECO "B50"]
[WhiteElo "1691"]
[BlackElo "1579"]
[Annotator "NA"]
[PlyCount "49"]
[EventDate "2019.08.16"]
[EventType "swiss"]
[EventCountry "BLR"]
[SourceTitle "playchess.com"]
[Source "ChessBase"]
[SourceQuality "1"]
[TimeControl "600+5"]

1. e4 c5 2. Nf3 d6 3. c3 Nf6 4. Be2 Bd7 5. Qc2 Nc6 6. O-O g6 7. Re1 Bg7 8. Bf1 O-O 9. Qb3 Qb6 10. Qxb6 axb6 11. Na3 e6 12. Nc4 Ne8 13. Nxb6 Rd8 14. Nxd7 Rxd7 15. d3 Nc7 16. Bf4 b5 17. a3 Ra8 18. Rac1 Ra4 19. Red1 b4 20. axb4 cxb4 21. cxb4 Nxb4 22. d4 Ra2 23. Bb5 Nxb5 24. Rc8+ Bf8 25. Bh6 1-0